[Event "Czech Youth U12 Boys 2024"]
[Site "Kouty nad Desnou"]
[Date "2024.03.14"]
[Round "7.4"]
[White "Kala, Jakub"]
[Black "Zrust, Lukas"]
[Result "0-1"]
[ECO "A04"]
[WhiteElo "1750"]
[BlackElo "1893"]
[Annotator "NA RC"]
[PlyCount "120"]
[EventDate "2024.03.10"]
[EventType "swiss"]
[EventCountry "CZE"]
[SourceTitle "playchess.com"]
[Source "ChessBase"]
[SourceQuality "1"]
[TimeControl "40/5400+30:1800+30"]

1. Nf3 g6 2. c4 Bg7 3. Nc3 d6 4. d4 Nf6 5. e4 Nbd7 6. Be2 O-O 7. O-O e5 8. Be3 Re8 9. Qc2 exd4 10. Nxd4 Nc5 11. f3 c6 {[%emt 0:05:10] E94: King's Indian: Classical: 6 Be2 e5 7 0-0: Various Black 7th moves.} 12. Bf2 Ne6 13. Rad1 Nxd4 14. Bxd4 Qc7 15. b4 Be6 16. Qb2 Nh5 ({Better is} 16... a5 $14) 17. Bxg7 Nxg7 18. Rd2 Rad8 19. Rfd1 Qe7 20. Qa3 a6 21. b5 axb5 22. cxb5 d5 23. Qxe7 Rxe7 24. bxc6 bxc6 25. exd5 Bxd5 26. Nxd5 cxd5 27. Bc4 Rc8 28. Bxd5 Nf5 29. Be4 Rc5 30. Rd5 Rxd5 31. Rxd5 (31. Bxd5 Ne3 32. Rd3 Nxd5 33. Rxd5 h5) 31... Ne3 32. Rd8+ Kg7 33. a4 Ra7 34. Ra8 Rd7 {[%emt 0:01:49] [#]} 35. g3 ({Better is} 35. Kf2 $1 $16 Nc4 36. a5) 35... f5 (35... Rd2 $14) 36. Bc6 Rd2 37. a5 Rg2+ 38. Kh1 {[%emt 0:00:05] [#]} Rc2 $1 39. Ra7+ Kf6 40. h4 $2 (40. Kg1 {only move.} Rxc6 41. Kf2) 40... Rc1+ 41. Kh2 Rxc6 42. Rxh7 Ra6 (42... Rc2+ $142 43. Kg1 Rg2+ 44. Kh1 Rxg3) 43. h5 Rxa5 44. Rh6 {[%emt 0:00:43] [#]} Ra2+ $1 45. Kh1 Kg5 46. Rxg6+ Kxh5 47. Re6 $2 (47. Rg8) 47... Ra1+ 48. Kh2 {[%emt 0:00:06] [#]} Nf1+ $2 ({Better is} 48... Re1 $1 $19 49. Rf6 Re2+ (49... Rf1 $2 50. Rf8 $19) 50. Kh1 Rf2) 49. Kg2 $15 Kg5 50. g4 f4 51. Re5+ Kg6 52. Re6+ Kf7 53. Re4 Ne3+ 54. Kf2 Ra2+ 55. Ke1 Kg6 56. Re6+ Kg5 57. Re5+ Kh4 58. g5 Kg3 59. g6 Kxf3 60. g7 Re2# 0-1

[Event "Czech Youth U12 Boys 2024"]
[Site "Kouty nad Desnou"]
[Date "2024.03.14"]
[Round "7.5"]
[White "Bara, Jan"]
[Black "Sudrich, Radek"]
[Result "1/2-1/2"]
[ECO "A10"]
[WhiteElo "1852"]
[BlackElo "1998"]
[Annotator "RC"]
[PlyCount "142"]
[EventDate "2024.03.10"]
[EventType "swiss"]
[EventCountry "CZE"]
[SourceTitle "playchess.com"]
[Source "ChessBase"]
[SourceQuality "1"]
[TimeControl "40/5400+30:1800+30"]

1. c4 g6 2. g3 Bg7 3. Bg2 c5 4. Nc3 Nf6 5. d3 Nc6 6. Rb1 O-O 7. a3 e6 8. Nf3 d5 9. cxd5 Nxd5 10. Bd2 Bd7 11. O-O Nce7 12. e4 Nxc3 13. Bxc3 Bb5 14. Bxg7 Kxg7 15. Ne5 Qd4 16. Qb3 Ba6 17. Qc3 Rad8 18. Rfd1 f6 19. Nc4 e5 20. Qxd4 Rxd4 21. b3 Rfd8 22. Bf1 Bxc4 23. bxc4 b6 24. f3 Nc6 25. Kf2 Kf7 26. Be2 R4d6 27. Bf1 Nd4 28. Rd2 Nc6 29. Rdd1 Na5 30. Be2 Rd4 31. Ke1 R8d6 32. Rb2 Rd8 33. Rbb1 Nc6 34. Kf2 Rh8 35. Rh1 h5 36. h4 f5 37. Rbf1 Kf6 38. Kg2 f4 39. g4 Rg8 40. g5+ Ke7 41. Rb1 Rdd8 42. Rhc1 Nd4 43. Kf2 Kd6 44. Rb2 Kc6 45. Rcb1 Rd6 46. Bd1 Rgd8 47. Ba4+ Kc7 48. Bd1 Rf8 49. Be2 Rfd8 50. Bd1 Nc6 51. Bc2 Na5 52. Ke1 Rd4 53. Rd1 Nc6 54. Rdb1 R4d6 55. Kf2 Nd4 56. Bd1 R8d7 57. Rc1 Nc6 58. Bc2 Na5 59. Ke1 Rd8 60. Bb1 Nc6 61. Bc2 Nd4 62. Bd1 Ne6 63. Bc2 Rd4 64. Rcb1 Ng7 65. Rc1 R8d6 66. Rcb1 a6 67. Kf2 Re6 68. Ke2 Rd8 69. Ba4 Red6 70. Bc2 Ne6 71. Kf2 Nd4 1/2-1/2

[Event "Czech Youth U12 Boys 2024"]
[Site "Kouty nad Desnou"]
[Date "2024.03.14"]
[Round "7.6"]
[White "Krisica, Lukas"]
[Black "Hladky, Mikulas"]
[Result "0-1"]
[ECO "D91"]
[WhiteElo "1531"]
[BlackElo "1798"]
[Annotator "NA RC"]
[PlyCount "66"]
[EventDate "2024.03.10"]
[EventType "swiss"]
[EventCountry "CZE"]
[SourceTitle "playchess.com"]
[Source "ChessBase"]
[SourceQuality "1"]
[TimeControl "40/5400+30:1800+30"]

1. Nf3 Nf6 2. d4 g6 3. c4 Bg7 4. Nc3 d5 5. Bg5 Ne4 6. cxd5 Nxg5 7. Nxg5 e6 8. Nf3 exd5 9. e3 O-O 10. Bd3 b6 11. O-O Bb7 12. Rc1 c6 13. Re1 Nd7 14. Ne2 c5 15. Qd2 c4 16. Bb1 b5 17. a3 a5 18. Qc3 Qb6 19. b3 b4 20. axb4 axb4 21. Qc2 Rfc8 22. Nf4 Ra3 23. Nd2 Qb5 24. bxc4 dxc4 25. Nxc4 Rc3 26. Qe2 Qxc4 27. Qxc4 R8xc4 28. Rcd1 b3 29. e4 b2 30. e5 Rc1 31. Ba2 Rxd1 32. Rxd1 Rc1 33. Rxc1 bxc1=Q# 0-1

[Event "Czech Youth U12 Boys 2024"]
[Site "Kouty nad Desnou"]
[Date "2024.03.14"]
[Round "7.7"]
[White "Sochor, Vaclav"]
[Black "Fadrny, Jachym"]
[Result "1-0"]
[ECO "C16"]
[WhiteElo "1826"]
[BlackElo "1729"]
[Annotator "NA RC"]
[PlyCount "69"]
[EventDate "2024.03.10"]
[EventType "swiss"]
[EventCountry "CZE"]
[SourceTitle "playchess.com"]
[Source "ChessBase"]
[SourceQuality "1"]
[TimeControl "40/5400+30:1800+30"]

1. e4 e6 2. d4 d5 3. Nc3 Bb4 4. e5 Ne7 5. a3 Ba5 6. b4 Bb6 7. Na4 Nbc6 8. Nf3 Bd7 9. Nxb6 axb6 10. Bg5 O-O 11. Bd3 Qe8 12. c3 Ng6 13. h4 Nge7 14. Bc2 f6 15. exf6 gxf6 $16 16. Qd3 Nf5 17. Bf4 Qf7 18. g4 Nd6 19. Bxd6 cxd6 20. Bb3 b5 21. Kd2 Ne7 22. Rhg1 Kh8 23. Ne1 e5 24. Qe3 Be6 25. Nd3 Ra6 26. g5 fxg5 27. dxe5 d4 28. Qxd4 Nf5 29. Bxe6 Nxd4 30. Bxf7 Nf3+ 31. Ke3 Nxg1 32. e6 Rxf7 33. exf7 Kg7 34. Rxg1 Kxf7 35. Rxg5 1-0

[Event "Czech Youth U12 Boys 2024"]
[Site "Kouty nad Desnou"]
[Date "2024.03.14"]
[Round "7.8"]
[White "Gresek, Oskar"]
[Black "Frantsev, Iegor"]
[Result "1/2-1/2"]
[ECO "B13"]
[WhiteElo "1629"]
[BlackElo "1721"]
[Annotator "NA RC"]
[PlyCount "79"]
[EventDate "2024.03.10"]
[EventType "swiss"]
[EventCountry "CZE"]
[SourceTitle "playchess.com"]
[Source "ChessBase"]
[SourceQuality "1"]
[TimeControl "40/5400+30:1800+30"]

1. e4 c6 2. d4 d5 3. exd5 cxd5 4. Nf3 Nc6 5. c3 Bg4 6. Bd3 e6 7. O-O Nf6 8. Bg5 h6 9. Bxf6 Qxf6 10. Nbd2 Bd6 11. Qc2 O-O 12. h3 Bxf3 13. Nxf3 Rac8 14. a3 a6 15. Rfe1 b5 16. Qe2 Na5 17. Nd2 Nc4 18. Bxc4 bxc4 19. Nf3 Rb8 20. Rac1 Rb3 21. Rc2 a5 22. Ne5 Bxe5 23. Qxe5 Qxe5 24. Rxe5 a4 25. f4 Rfb8 26. Ree2 g6 27. Kf2 Kg7 28. Kf3 Kf6 29. g3 Rg8 30. Rg2 Rbb8 31. Rcd2 g5 32. Rde2 Rg6 33. Rd2 Rbg8 34. Rde2 gxf4 35. Kxf4 h5 36. Re5 Rg5 37. Rxg5 Rxg5 38. g4 hxg4 39. hxg4 Rg8 40. Rh2 1/2-1/2

[Event "Czech Youth U12 Boys 2024"]
[Site "Kouty nad Desnou"]
[Date "2024.03.14"]
[Round "7.9"]
[White "Sotek, Matej"]
[Black "Hanzel, Martin"]
[Result "1-0"]
[ECO "C55"]
[WhiteElo "1716"]
[BlackElo "1474"]
[Annotator "NA RC"]
[PlyCount "67"]
[EventDate "2024.03.10"]
[EventType "swiss"]
[EventCountry "CZE"]
[SourceTitle "playchess.com"]
[Source "ChessBase"]
[SourceQuality "1"]
[TimeControl "40/5400+30:1800+30"]

1. e4 e5 2. Nf3 Nc6 3. d4 exd4 4. Bc4 Nf6 5. e5 d5 6. Bb5 Ne4 7. Nxd4 Bd7 8. Bxc6 bxc6 9. O-O Bc5 10. c3 Bb6 11. f3 Ng5 12. f4 Ne4 13. Be3 c5 14. Nb3 Bb5 15. Re1 Qd7 16. N1d2 Nxd2 17. Qxd2 c4 18. Bxb6 axb6 19. Nd4 O-O-O 20. Qc2 c5 21. Nxb5 Qxb5 22. a4 Qa5 23. Qf5+ Rd7 24. e6 fxe6 25. Rxe6 Qa7 26. Rae1 Kd8 27. Rc6 Qb7 28. Qg5+ Re7 29. Rd6+ Ke8 30. Rde6 Rxe6 31. Rxe6+ Kf8 32. Qe5 Kf7 33. Qf5+ Kg8 34. Re8# 1-0

[Event "Czech Youth U12 Boys 2024"]
[Site "Kouty nad Desnou"]
[Date "2024.03.14"]
[Round "7.10"]
[White "Havlik, David"]
[Black "Malek, Daniel"]
[Result "1-0"]
[ECO "B10"]
[WhiteElo "1580"]
[BlackElo "2278"]
[Annotator "TA"]
[PlyCount "59"]
[EventDate "2024.03.10"]
[EventType "swiss"]
[EventCountry "CZE"]
[SourceTitle "playchess.com"]
[Source "ChessBase"]
[SourceQuality "1"]
[TimeControl "40/5400+30:1800+30"]

1. e4 c6 2. c4 e6 3. Nc3 Bc5 4. d4 Bb4 5. f3 Ne7 6. Nge2 d5 7. a3 Ba5 8. cxd5 {[%emt 0:03:09] The position is equal.} exd5 (8... cxd5 $11 {was preferrable.} 9. b4 Bc7) 9. Be3 O-O 10. Qc2 Be6 (10... dxe4 $11 11. fxe4 Re8) 11. Nf4 $14 Nd7 12. Nxe6 fxe6 13. e5 (13. O-O-O $14) 13... Nf5 $15 14. Bf2 Qc7 (14... Nh4 $15 15. Rg1 c5 16. dxc5 Qg5 (16... Nxe5 17. O-O-O $14)) 15. Bd3 (15. O-O-O $1 $11) 15... c5 $1 16. Bxf5 Rxf5 17. O-O-O {[%emt 0:01:42][%cal Oc3d5] [#] And now Nxd5! would win.} cxd4 18. Bxd4 Bxc3 (18... Nxe5 $6 19. Qe2 Bb6 20. f4 $11) 19. Bxc3 g6 ({Much weaker is} 19... Nxe5 20. Qe2 (20. Rxd5 $2 exd5 21. Qxf5 d4 $19) 20... Qc4 21. Rhe1 Qxe2 22. Rxe2 $11) (19... Nb6 $15) 20. Rd4 (20. Kb1 $11) 20... Nxe5 21. h4 (21. Qe2 $15) 21... Rc8 ({Better is} 21... Qf7 $17 22. Kb1 Rd8) 22. Qe2 $1 Kf7 (22... Qf7 $17 {White must now prevent ...Nc6.} 23. Kb1 Nc4) 23. Re1 {[%emt 0:06:36] [#] Kb1 is the strong threat.} Qa5 (23... Qd6 $11) 24. Kb1 (24. Qe3 $1 $14 Qb6 25. Rb4 Qxe3+ 26. Rxe3) 24... Qb6 $2 (24... Rxc3 $11 25. bxc3 Qxc3 (25... Qxa3 26. Rb4 $14)) 25. Rb4 $18 {[%emt 0:01:05] White is clearly winning.} Qc6 26. Bxe5 {[%emt 0:01:41] Strongly threatening g4.} a5 27. Rb3 b5 28. Rc3 Qb7 29. Rxc8 Qxc8 30. g4 {[%emt 0:00:21] Weighted Error Value: White=0.44/Black=0.64.  Loses game:     	---       	Black=1      Mistake:       	White=5     	Black=7      Inaccurate:     	White=3     	Black=1      OK:         	White=3     	Black=7      Strong:       	White=1     	Black=1} 1-0

[Event "Czech Youth U12 Boys 2024"]
[Site "Kouty nad Desnou"]
[Date "2024.03.14"]
[Round "7.11"]
[White "Sochor, Antonin"]
[Black "Zvolanek, Vojtech"]
[Result "1-0"]
[ECO "C54"]
[WhiteElo "1779"]
[BlackElo "1411"]
[Annotator "NA RC"]
[PlyCount "65"]
[EventDate "2024.03.10"]
[EventType "swiss"]
[EventCountry "CZE"]
[SourceTitle "playchess.com"]
[Source "ChessBase"]
[SourceQuality "1"]
[TimeControl "40/5400+30:1800+30"]

1. e4 e5 2. Nf3 Nc6 3. Bc4 Bc5 4. c3 Nf6 5. d4 exd4 6. e5 d5 7. Bb5 Nd7 8. cxd4 Bb4+ 9. Bd2 Bxd2+ 10. Nbxd2 O-O 11. O-O Re8 12. Re1 Nf8 13. Qc2 Bd7 14. Nb3 Nb4 15. Qc3 Bxb5 16. Qxb4 Bd7 17. Qxb7 Bg4 18. Nfd2 Re6 19. Qb5 Rh6 20. Qd3 Ne6 21. Qg3 Rg6 22. f4 Bf5 23. Qe3 Qh4 24. Rf1 Bh3 25. Rf2 Rf8 26. f5 Rg5 27. fxe6 Qg4 28. g3 fxe6 29. Rxf8+ Kxf8 30. Qf3+ Qxf3 31. Nxf3 Rg4 32. Kf2 h6 33. Ng1 1-0

[Event "Czech Youth U12 Boys 2024"]
[Site "Kouty nad Desnou"]
[Date "2024.03.14"]
[Round "7.12"]
[White "Broz, Pavel"]
[Black "Novotny, Adam"]
[Result "0-1"]
[ECO "C50"]
[WhiteElo "1911"]
[BlackElo "2072"]
[Annotator "RC"]
[PlyCount "52"]
[EventDate "2024.03.10"]
[EventType "swiss"]
[EventCountry "CZE"]
[SourceTitle "playchess.com"]
[Source "ChessBase"]
[SourceQuality "1"]
[TimeControl "40/5400+30:1800+30"]

1. e4 e5 2. Bc4 Nc6 3. Nf3 Bc5 4. O-O Nf6 5. d4 Bxd4 6. Nxd4 Nxd4 7. f4 d6 8. Be3 Bg4 9. Qd3 Be2 10. Qc3 Nxe4 11. Qb4 Bxf1 12. Kxf1 Nxc2 13. Qa4+ Qd7 14. Qxc2 Nf6 15. fxe5 dxe5 16. Nc3 O-O 17. Rd1 Qg4 18. Be2 Qe6 19. Kg1 Rad8 20. Rf1 Ng4 21. Bg5 f6 22. b3 Qb6+ 23. Kh1 Nf2+ 24. Kg1 Nh3+ 25. Kh1 Qg1+ 26. Rxg1 Nf2# 0-1

[Event "Czech Youth U12 Boys 2024"]
[Site "Kouty nad Desnou"]
[Date "2024.03.15"]
[Round "8.1"]
[White "Zrust, Lukas"]
[Black "Honcharov, Makar"]
[Result "0-1"]
[ECO "C45"]
[WhiteElo "1893"]
[BlackElo "1872"]
[Annotator "NA COMBH"]
[PlyCount "84"]
[EventDate "2024.03.10"]
[EventType "swiss"]
[EventCountry "CZE"]
[SourceTitle "playchess.com"]
[Source "ChessBase"]
[SourceQuality "1"]
[TimeControl "40/5400+30:1800+30"]

1. e4 e5 2. Nf3 Nc6 3. d4 exd4 4. Nxd4 Bc5 5. Be3 Qf6 6. c3 Nge7 7. Be2 d5 8. Nxc6 Bxe3 9. fxe3 bxc6 10. exd5 cxd5 11. Qd4 Qg6 12. O-O O-O 13. Kh1 Rb8 14. b3 Nf5 15. Qf4 Nd6 16. Rd1 Ne4 17. Bd3 Bf5 18. Bxe4 Bxe4 19. Qf2 Rfe8 20. Nd2 Bf5 21. Rf1 Bd3 22. Rfe1 Rb6 23. Rac1 Rf6 24. Qg1 Qf5 25. Nf3 Qh5 26. Rcd1 Be4 27. Nd2 Bd3 28. Nf3 Bc2 29. Rc1 Be4 30. Nd2 Bd3 31. c4 Ra6 32. a4 dxc4 33. Nxc4 Rg6 34. Nd2 c6 35. Rc3 Ba6 36. e4 Rd8 37. Qxa7 Qg5 38. Rg3 Qxd2 39. Rg1 Rxg3 40. Qxa6 Rxg2 41. Rxg2 Qe1+ 42. Rg1 Qxe4+ 0-1

[Event "Czech Youth U12 Boys 2024"]
[Site "Kouty nad Desnou"]
[Date "2024.03.15"]
[Round "8.2"]
[White "Kolar, Edvard"]
[Black "Policar, Martin"]
[Result "0-1"]
[ECO "A40"]
[WhiteElo "1759"]
[BlackElo "1758"]
[Annotator "NA COMBH"]
[PlyCount "92"]
[EventDate "2024.03.10"]
[EventType "swiss"]
[EventCountry "CZE"]
[SourceTitle "playchess.com"]
[Source "ChessBase"]
[SourceQuality "1"]
[TimeControl "40/5400+30:1800+30"]

1. d4 g6 2. Nc3 d5 3. Bf4 Nf6 4. f3 Bg7 5. Qd2 O-O 6. h4 c5 7. e3 Nc6 8. O-O-O c4 9. e4 dxe4 10. fxe4 Ng4 11. e5 Bf5 12. Bxc4 Rc8 13. g3 Ncxe5 14. Bb3 Nc4 15. Bxc4 Rxc4 16. Nf3 Qa5 17. Qe2 Rfc8 18. Ne5 Nxe5 19. dxe5 Rxc3 20. bxc3 Qxc3 21. g4 Qa1+ 22. Kd2 Rxc2+ 23. Ke1 Rxe2+ 24. Kxe2 Bxg4+ 25. Kd2 Qd4+ 26. Kc2 Bxd1+ 27. Rxd1 Qxf4 28. Rd8+ Bf8 29. Rxf8+ Kxf8 30. h5 Qf5+ 31. Kb3 Qxh5 32. e6 Qd5+ 33. Kc3 Qxe6 34. a4 h5 35. a5 h4 36. a6 Qxa6 37. Kb2 h3 38. Kb3 h2 39. Kb2 h1=Q 40. Kc3 Qd1 41. Kb4 Qaa4+ 42. Kc3 Qac2+ 43. Kb4 Qb3+ 44. Kc5 Qc3+ 45. Kb5 Qd5+ 46. Ka4 b5# 0-1

[Event "Czech Youth U12 Boys 2024"]
[Site "Kouty nad Desnou"]
[Date "2024.03.15"]
[Round "8.3"]
[White "Hladky, Mikulas"]
[Black "Velim, Vojtech"]
[Result "0-1"]
[ECO "B10"]
[WhiteElo "1798"]
[BlackElo "1889"]
[Annotator "NA COMBH"]
[PlyCount "110"]
[EventDate "2024.03.10"]
[EventType "swiss"]
[EventCountry "CZE"]
[SourceTitle "playchess.com"]
[Source "ChessBase"]
[SourceQuality "1"]
[TimeControl "40/5400+30:1800+30"]

1. e4 c6 2. Nc3 d5 3. Nf3 Nf6 4. exd5 cxd5 5. d4 Nc6 6. Bb5 Bg4 7. h3 Bxf3 8. Qxf3 e6 9. O-O Be7 10. Qg3 Qb6 11. Qd3 O-O 12. Bxc6 bxc6 13. Na4 Qc7 14. Bg5 Rfc8 15. Rfe1 Rab8 16. b3 c5 17. Nxc5 Bxc5 18. dxc5 Ne4 19. Be3 Nxc5 20. Bxc5 Qxc5 21. Rac1 Qa3 22. c4 dxc4 23. Rxc4 Rxc4 24. Qxc4 Qxa2 25. Rc1 h6 26. Rc3 a5 27. Qc7 Kh7 28. Qg3 Rd8 29. Qf3 Qa3 30. Kh2 Qd6+ 31. g3 Qe5 32. Re3 Qc7 33. Rc3 Qd6 34. Re3 Qe7 35. Qf5+ exf5 36. Rxe7 Rd2 37. Kg2 Kg6 38. Re5 Ra2 39. Rb5 Kf6 40. Kf3 Ra3 41. Kg2 g6 42. h4 h5 43. Kf1 Ke6 44. Ke2 Ra2+ 45. Ke3 Kd6 46. Rb7 Rb2 47. Rxf7 Rxb3+ 48. Kf4 Rb4+ 49. Ke3 Kc5 50. Rf6 Rb6 51. Rf8 Kb4 52. Rd8 a4 53. f3 a3 54. Kf4 a2 55. Rd1 Kc3 0-1

[Event "Czech Youth U12 Boys 2024"]
[Site "Kouty nad Desnou"]
[Date "2024.03.15"]
[Round "8.4"]
[White "Artamonov, Mikhail"]
[Black "Bara, Jan"]
[Result "1/2-1/2"]
[ECO "B52"]
[WhiteElo "1727"]
[BlackElo "1852"]
[Annotator "NA COMBH"]
[PlyCount "78"]
[EventDate "2024.03.10"]
[EventType "swiss"]
[EventCountry "CZE"]
[SourceTitle "playchess.com"]
[Source "ChessBase"]
[SourceQuality "1"]
[TimeControl "40/5400+30:1800+30"]

1. e4 c5 2. Nf3 d6 3. Bb5+ Bd7 4. Bxd7+ Qxd7 5. O-O Nc6 6. Re1 g6 7. e5 Nxe5 8. Nxe5 dxe5 9. Rxe5 Rc8 10. Nc3 Bg7 11. Re1 Nf6 12. d3 O-O 13. Bg5 b5 14. Ne4 Nxe4 15. Rxe4 f6 16. Bf4 f5 17. Re2 Bxb2 18. Rb1 Bf6 19. Qe1 b4 20. Be5 Rce8 21. d4 Bxe5 22. Rxe5 Qxd4 23. Rxe7 Rxe7 24. Qxe7 Rf7 25. Qe2 Qe4 26. Qd2 Re7 27. h3 Kg7 28. a3 a5 29. a4 c4 30. Rd1 c3 31. Qd8 Qe2 32. Qd4+ Qe5 33. Qd8 Qc7 34. Qd4+ Qe5 35. Qd8 b3 36. cxb3 c2 37. Rc1 Qe1+ 38. Kh2 Qxc1 39. Qxe7+ Kh6 1/2-1/2

[Event "Czech Youth U12 Boys 2024"]
[Site "Kouty nad Desnou"]
[Date "2024.03.15"]
[Round "8.5"]
[White "Sudrich, Radek"]
[Black "Sochor, Vaclav"]
[Result "0-1"]
[ECO "B42"]
[WhiteElo "1998"]
[BlackElo "1826"]
[Annotator "RC"]
[PlyCount "68"]
[EventDate "2024.03.10"]
[EventType "swiss"]
[EventCountry "CZE"]
[SourceTitle "playchess.com"]
[Source "ChessBase"]
[SourceQuality "1"]
[TimeControl "40/5400+30:1800+30"]

1. e4 c5 2. Nf3 e6 3. d4 cxd4 4. Nxd4 a6 5. Bd3 Qc7 6. O-O Nf6 7. Nc3 Bc5 8. Nb3 Ba7 9. Kh1 Nc6 10. Bg5 h5 11. h3 d6 12. Bxf6 gxf6 13. Qf3 Qe7 14. Rae1 Bd7 15. Qe2 O-O-O 16. f4 Rdg8 17. f5 Kb8 18. Qf3 Ne5 19. Qe2 Rg3 20. Na5 Bc6 21. Nxc6+ Nxc6 22. Qd2 Rhg8 23. Re2 Ne5 24. Qf4 Bd4 25. Rd1 Nc6 26. Rf1 Be5 27. Qd2 Qf8 28. Nd1 Qg7 29. c3 Qg5 30. Qxg5 R8xg5 31. Bc2 Kc7 32. Ne3 Kd7 33. Bb3 Ne7 34. Ref2 Rxe3 0-1

[Event "Czech Youth U12 Boys 2024"]
[Site "Kouty nad Desnou"]
[Date "2024.03.15"]
[Round "8.6"]
[White "Sotek, Matej"]
[Black "Kroulik, Stepan"]
[Result "1-0"]
[ECO "B44"]
[WhiteElo "1716"]
[BlackElo "1683"]
[Annotator "NA COMBH"]
[PlyCount "53"]
[EventDate "2024.03.10"]
[EventType "swiss"]
[EventCountry "CZE"]
[SourceTitle "playchess.com"]
[Source "ChessBase"]
[SourceQuality "1"]
[TimeControl "40/5400+30:1800+30"]

1. e4 c5 2. Nf3 e6 3. d4 cxd4 4. Nxd4 Nc6 5. Be2 a6 6. Nc3 Bb4 7. Nxc6 Bxc3+ 8. bxc3 bxc6 9. O-O Ne7 10. c4 Qa5 11. Bb2 O-O 12. Qd4 f6 13. Bc3 Qc7 14. Bb4 Re8 15. Bh5 Ng6 16. Bd6 Qa5 17. c5 Qd8 18. f4 Nh8 19. Bxe8 Qxe8 20. Rab1 Qd8 21. Rb3 Nf7 22. Rfb1 Qa5 23. Qb4 Qb5 24. Qd2 Qc4 25. Rb8 Rxb8 26. Rxb8 Nxd6 27. cxd6 1-0

[Event "Czech Youth U12 Boys 2024"]
[Site "Kouty nad Desnou"]
[Date "2024.03.15"]
[Round "8.7"]
[White "Havlik, David"]
[Black "Kala, Jakub"]
[Result "0-1"]
[ECO "A05"]
[WhiteElo "1580"]
[BlackElo "1750"]
[Annotator "NA COMBH"]
[PlyCount "82"]
[EventDate "2024.03.10"]
[EventType "swiss"]
[EventCountry "CZE"]
[SourceTitle "playchess.com"]
[Source "ChessBase"]
[SourceQuality "1"]
[TimeControl "40/5400+30:1800+30"]

1. Nf3 Nf6 2. g3 e6 3. Bg2 d5 4. c4 Be7 5. d4 O-O 6. Nc3 b6 7. O-O Bb7 8. Bf4 c5 9. dxc5 Bxc5 10. cxd5 Nxd5 11. Nxd5 Bxd5 12. Qc2 h6 13. Rfd1 Qe7 14. e4 Bb7 15. a3 Rc8 16. Qe2 a5 17. Rd2 Nc6 18. Rad1 Ba6 19. Qe1 Ra7 20. Be3 e5 21. Bxc5 bxc5 22. Bh3 Rcc7 23. Bf1 Nd4 24. Nxd4 cxd4 25. Bxa6 Rxa6 26. Rc1 Rac6 27. Rxc6 Rxc6 28. Rd3 Qc7 29. Kg2 Kh7 30. Qd1 Rc2 31. Rb3 Qc6 32. Qf3 Qd7 33. Qd3 Qc7 34. Qf3 Rc1 35. Rb5 Qc4 36. Qf5+ g6 37. Qxe5 Qf1+ 38. Kf3 Rc2 39. Rb3 Rxf2+ 40. Kg4 f5+ 41. exf5 gxf5+ 0-1

[Event "Czech Youth U12 Boys 2024"]
[Site "Kouty nad Desnou"]
[Date "2024.03.15"]
[Round "8.9"]
[White "Krisica, Lukas"]
[Black "Gresek, Oskar"]
[Result "0-1"]
[ECO "D43"]
[WhiteElo "1531"]
[BlackElo "1629"]
[Annotator "NA COMBH"]
[PlyCount "130"]
[EventDate "2024.03.10"]
[EventType "swiss"]
[EventCountry "CZE"]
[SourceTitle "playchess.com"]
[Source "ChessBase"]
[SourceQuality "1"]
[TimeControl "40/5400+30:1800+30"]

1. Nf3 d5 2. d4 Nf6 3. c4 e6 4. Nc3 c6 5. Bg5 Be7 6. e3 O-O 7. cxd5 exd5 8. Bd3 Re8 9. Rc1 h6 10. Bh4 Bg4 11. h3 Bxf3 12. Qxf3 Nbd7 13. O-O Rc8 14. Rfe1 Ne4 15. Bxe7 Qxe7 16. Qf4 Ndf6 17. f3 Ng5 18. e4 dxe4 19. fxe4 Ne6 20. Qf2 Rcd8 21. Rcd1 Nc7 22. e5 Nfd5 23. Rf1 Nxc3 24. bxc3 Ne6 25. Bc4 a6 26. Bb3 Rd7 27. c4 Nc7 28. Rfe1 Red8 29. Qf4 Ne6 30. Qe3 Nxd4 31. Rb1 Ne6 32. Qg3 Rd3 33. Qg4 R8d4 34. Qf5 Qg5 35. Rf1 Qxf5 36. Rxf5 Rf4 37. Rxf4 Nxf4 38. Rf1 Ne6 39. c5 Rc3 40. Rb1 Nxc5 41. Bd1 b5 42. Bf3 Ne6 43. Kf1 Ng5 44. Ke2 Nxf3 45. gxf3 Rc2+ 46. Kd3 Rxa2 47. Rc1 Ra3+ 48. Ke4 Ra4+ 49. Kd3 Rc4 50. Ra1 Kf8 51. Rxa6 Ke7 52. Ra7+ Ke6 53. Ke3 b4 54. Rb7 g6 55. Rb8 Rc3+ 56. Ke4 b3 57. h4 c5 58. f4 c4 59. Rb6+ Ke7 60. Rb4 Rc2 61. Kd4 b2 62. Rb7+ Kd8 63. Rb4 c3 64. Kd3 Rc1 65. Rd4+ Ke7 0-1

[Event "Czech Youth U12 Boys 2024"]
[Site "Kouty nad Desnou"]
[Date "2024.03.15"]
[Round "8.10"]
[White "Hanzel, Martin"]
[Black "Malek, Daniel"]
[Result "1-0"]
[ECO "B13"]
[WhiteElo "1474"]
[BlackElo "2278"]
[Annotator "TA"]
[PlyCount "63"]
[EventDate "2024.03.10"]
[EventType "swiss"]
[EventCountry "CZE"]
[SourceTitle "playchess.com"]
[Source "ChessBase"]
[SourceQuality "1"]
[TimeControl "40/5400+30:1800+30"]

1. e4 c6 2. d4 d5 3. exd5 cxd5 4. Bd3 Nc6 5. c3 e6 6. Nf3 Bd6 7. O-O Nge7 8. Re1 {[%emt 0:00:58] White is slightly better.} Qc7 9. Nbd2 Ng6 10. Nb3 Bd7 11. Bg5 f6 12. Bd2 O-O-O (12... a5 $11) 13. c4 dxc4 14. Bxc4 e5 $2 {[%emt 0:02:07] [#]} (14... Nxd4 $2 15. Nbxd4 e5 (15... Qxc4 $2 16. Rc1 $18) 16. Rc1 (16. Nb5 Bxb5 17. Bxb5 Kb8 $18) 16... exd4 17. Be6 $18 (17. Nxd4 Kb8 $11)) (14... Kb8 $16) 15. dxe5 $2 ({White must play} 15. d5 $1 $18) 15... Ngxe5 $14 16. Nxe5 (16. Bd5 $142) 16... Bxe5 $11 17. h3 Bxb2 (17... Kb8 $15) 18. Rb1 $16 Be5 (18... Ba3 $16) 19. Rc1 $2 (19. Nc5 $18 b6 20. Qf3 (20. Ba6+ Kb8 $11)) 19... Bf5 $2 {[%emt 0:06:02][%mdl 8192] [#]} (19... Kb8 $11) 20. Qf3 $1 $18 g6 21. Bb5 Kb8 (21... Rxd2 $142 22. Nxd2 Bb2) 22. Bxc6 bxc6 23. Ba5 Qe7 24. Bxd8 Rxd8 25. Qxc6 (25. Na5 $142 Rd3 26. Nxc6+ Ka8 27. Qxd3 (27. Nxe7+ Rxf3 28. gxf3 Bxh3 $18)) 25... Rc8 (25... Qc7 $142 26. Na5 Qxa5 27. Rb1+ Bxb1 28. Rxb1+ Qb6 29. Rxb6+ axb6 30. Qxb6+ Kc8 31. Qc6+ Kb8) 26. Qb5+ (26. Na5 $142 {[%cal Oc1b1] Threatening mate with Rb1+!} Bh2+ 27. Kxh2 Qc7+ 28. Qxc7+ Rxc7 29. Re8+ Rc8 30. Rcxc8+ Bxc8 31. Re7) 26... Ka8 (26... Qb7 $142 27. Rxc8+ Bxc8) 27. Rxc8+ Bxc8 28. f4 Bd4+ 29. Kf1 $1 ({Inferior is} 29. Nxd4 Qxe1+ 30. Kh2 Qe4 $11) 29... Qd6 30. Nxd4 {[%emt 0:02:04][%cal Oe1e8] White wants to mate with Re8!} Qxd4 31. Qc6+ Kb8 32. Rb1+ {[%emt 0:00:18] Weighted Error Value: White=1.13/Black=1.31.  Loses game:     	---       	Black=3      Missed win:     	White=2     	---        Mistake:       	White=1     	Black=4      Inaccurate:     	White=2     	Black=2      OK:         	White=3     	Black=2      Best:        	White=2     	Black=1      Strong:       	White=1     	---} 1-0